 Dungeon Crawl Stone Soup version 0.22.1-1-ga44c0e5 (webtiles) character file.

2024 nixmar the Insei (level 9, -10/67 HPs)
             Began as a Gnoll Transmuter on Oct 22, 2018.
             Was an Initiate of Gozag.
             Mangled by an orc warrior
             ... wielding a +0 dire flail
              (23 damage)
             ... on level 6 of the Dungeon.
             The game lasted 00:29:46 (7281 turns).

nixmar the Insei (Gnoll Transmuter)                 Turns: 7281, Time: 00:29:47

Health: -10/67     AC: 14    Str: 14    XL:     9   Next: 23%
Magic:  14/18      EV: 14    Int: 15    God:    Gozag
Gold:   253        SH:  0    Dex: 18    Spells: 11/20 levels left

rFire    . . .     SeeInvis .     - Unarmed
rCold    + . .     Gourm    .   (no shield)
rNeg     . . .     Faith    .   U - +2 ring mail {rC+}
rPois    .         Spirit   .   f - +2 helmet
rElec    .         Reflect  .   J - +1 cloak
rCorr    +         Harm     .   E - +0 pair of gloves
MR       +....                  (boots currently unavailable)
Stlth    ++........             (no amulet)
HPRegen  0.21/turn              g - ring of resist corrosion
MPRegen  0.16/turn              m - ring of protection from magic

@: appendage (expiring)
A: distributed training, fangs 1, talons 3, wild magic 1, MP-powered wands,
strong nose
a: End Transformation, Potion Petition, Call Merchant, Bribe Branch, Renounce
Religion


You were on level 6 of the Dungeon.
You worshipped Gozag.
Gozag was aware of your devotion.
You were hungry.
You had grown temporary talons.
You visited 1 branch of the dungeon, and saw 6 of its levels.

You collected 1152 gold pieces.
You spent 240 gold pieces at shops.
You paid 659 gold pieces to Gozag.

Inventory:

Missiles
 a - 127 arrows (quivered)
 Z - 2 throwing nets {!d , @Q1}
Armour
 f - a +2 helmet (worn)
 r - a +0 plate armour
 E - a +0 pair of gloves (worn)
 J - a +1 cloak (worn)
 U - a +2 ring mail of cold resistance (worn)
Jewellery
 g - a ring of resist corrosion (left hand)
 m - a ring of protection from magic (right hand)
Wands
 N - a wand of clouds (3) {@v3}
 V - a wand of digging (16) {@v1}
 X - a wand of flame (30) {@v6}
 Y - a wand of iceblast (4) {@v4}
Scrolls
 B - 2 scrolls of blinking
 D - 2 scrolls of fear
 H - 5 scrolls of remove curse {@r3}
 O - a scroll of magic mapping {unknown}
 P - a scroll of enchant armour
 R - 4 scrolls of identify {@r1}
Potions
 q - 4 potions of agility {@q5}
 S - a potion of cancellation {unknown}
 T - 5 potions of curing {@q1}
 W - a potion of heal wounds {@q2}
Miscellaneous
 Q - a sack of spiders
Comestibles
 e - 2 rations


   Skills:
 + Level 4.8 Fighting
 + Level 4.0 Short Blades
 + Level 4.0 Long Blades
 + Level 4.0 Axes
 + Level 4.0 Maces & Flails
 + Level 4.0 Polearms
 + Level 4.0 Staves
 + Level 4.0 Slings
 + Level 4.0 Bows
 + Level 4.0 Crossbows
 + Level 4.0 Throwing
 + Level 4.0 Armour
 + Level 6.1 Dodging
 + Level 4.0 Stealth
 + Level 4.0 Shields
 + Level 7.7 Unarmed Combat
 + Level 6.4 Spellcasting
 + Level 3.2 Conjurations
 + Level 3.2 Hexes
 + Level 3.2 Charms
 + Level 3.2 Summonings
 + Level 3.2 Necromancy
 + Level 3.2 Translocations
 + Level 5.1 Transmutations
 + Level 3.2 Fire Magic
 + Level 3.2 Ice Magic
 + Level 3.2 Air Magic
 + Level 3.2 Earth Magic
 + Level 3.2 Poison Magic
 + Level 4.3 Invocations
 + Level 4.0 Evocations


You had 11 spell levels left.
You knew the following spells:

 Your Spells              Type           Power        Failure   Level  Hunger
a - Beastly Appendage     Tmut           ####..       5%          1    None
b - Spider Form           Tmut/Pois      ###.......   21%         3    ##.....
c - Blade Hands           Tmut           ####......   75%         5    ######.

Your spell library contained the following spells:

 Spells                   Type           Power        Failure   Level  Hunger
 Sticks to Snakes         Tmut           ####....     8%          2    #......
 Ice Form                 Ice/Tmut       ###.....     52%         4    ####...


Dungeon Overview and Level Annotations

Branches:
Dungeon (6/15)             Temple (0/1) D:5

Altars:
Fedhas
Gozag

Shops:
D:5 }

Annotations:
D:6 2 transporters, Folque's ghost, novice DsFE


Innate Abilities, Weirdness & Mutations

Your experience applies equally to all skills.
You have very sharp teeth.
Your uncanny sense of smell can sniff out nearby items.
You have claws for feet.
Your spells are a little harder to cast, but a little more powerful.
You expend magic power (3 MP) to strengthen your wands.


Message History

The orc priest is almost dead.
The orc warrior completely misses you. The orc priest barely misses you.
You barely miss the orc priest.
You claw the orc priest, but do no damage.
You bite the orc priest, but do no damage.
The orc priest is almost dead.
The orc warrior hits you with a dire flail.
* * * LOW HITPOINT WARNING * * *
You take 6 damage, and have 24/67 hp.
You hit the orc priest.
You kill the orc priest!
Your Short Blades skill increases to level 4!
Your Long Blades skill increases to level 4!
Your Axes skill increases to level 4!
Your Maces & Flails skill increases to level 4!
Your Polearms skill increases to level 4!
Your Staves skill increases to level 4!
Your Slings skill increases to level 4!
Your Bows skill increases to level 4!
Your Crossbows skill increases to level 4!
Your Throwing skill increases to level 4!
Your Armour skill increases to level 4!
Your Stealth skill increases to level 4!
Your Shields skill increases to level 4!
Your Evocations skill increases to level 4!
Unknown command.
Unknown command.
Unknown command.
Unknown command.
Unknown command.
Unknown command.
Unknown command.
Unknown command.
Unknown command.
Unknown command.
Unknown command.
Unknown command.
Unknown command.
You hit the orc warrior but do no damage.
Your kick misses the orc warrior.
The orc warrior is distracted by the nearby gold.
You barely miss the orc warrior.
The orc warrior is no longer distracted by gold.
The orc warrior shouts!
You claw the orc warrior, but do no damage.
The orc warrior closely misses you.
Your ring mail prevents you from hitting the orc warrior.
You bite the orc warrior, but do no damage.
The orc warrior closely misses you.
You hit the orc warrior. Your kick misses the orc warrior.
The orc warrior is lightly wounded.
You hit the orc warrior.
The orc warrior is lightly wounded.
The orc warrior barely misses you.
You closely miss the orc warrior. You claw the orc warrior.
The orc warrior is lightly wounded.
The orc warrior closely misses you.
You hit the orc warrior but do no damage.
The orc warrior is lightly wounded.
The orc warrior hits you with a dire flail.
* * * LOW HITPOINT WARNING * * *
You take 3 damage, and have 22/67 hp.
You closely miss the orc warrior.
The orc warrior is lightly wounded.
The orc warrior hits you but does no damage.
You hit the orc warrior but do no damage.
The orc warrior is lightly wounded.
You closely miss the orc warrior.
You claw the orc warrior, but do no damage.
The orc warrior is lightly wounded.
The orc warrior misses you.
You closely miss the orc warrior.
You claw the orc warrior, but do no damage.
The orc warrior is lightly wounded.
The orc warrior barely misses you.
You hit the orc warrior.
The orc warrior is moderately wounded.
The orc warrior closely misses you.
You hit the orc warrior but do no damage.
Your kick misses the orc warrior. Your punch misses the orc warrior.
The orc warrior is moderately wounded.
You hit the orc warrior but do no damage.
You claw the orc warrior!
The orc warrior is heavily wounded.
The orc warrior barely misses you.
Evoke which item? (* to show all) (? for menu, Esc to quit)
Okay, then.
You closely miss the orc warrior.
You bite the orc warrior, but do no damage.
The orc warrior is heavily wounded.
The orc warrior closely misses you.
You hit the orc warrior.
The orc warrior is heavily wounded.
The orc warrior hits you with a dire flail!
* * * LOW HITPOINT WARNING * * *
You take 11 damage, and have 13/67 hp.
Your transformation is almost over.
The orc warrior hits you with a dire flail!!
You die...
Your body crumbles into a pile of gold.

████████.......
█████......▲......
......██████......
...██..█ █........ ∆
.█.██..█ █.......█
.█.██..███.....$.█
.█.██...██.....$.█
.█.██.█.██..[..o.█ █
.█.██.█..███████@█ .█.█
.█.█.............█████.█.█
..........................
...█.███.█████████(....█.
████...(.....█ █.....█
██████.██.█ █.....█ ██
█..█.█ █.....█ .. ██.█.█
██∆██.█ █.██.█.█ █.██.█ .▲


You could see an orc warrior.

Vanquished Creatures
  Pikel (D:5)
  Sigmund (D:3)
  Menkaure (D:5)
  A sky beast (D:5)
  An orc warrior (D:6)
  An ice beast (D:6)
  4 slaves (D:5)
  2 centaurs
  A big kobold (D:5)
  3 crimson imps
  A centaur zombie (D:5)
  A bullfrog skeleton (D:4)
  An orc priest (D:6)
  3 hounds
  8 orc wizards
  Ijyb (D:5)
  Terence (D:3)
  2 worker ants
  2 hound zombies (D:5)
  A hound skeleton (D:4)
  6 gnolls
  8 adders
  An ooze (D:3)
  5 worms
  A dart slug (D:1)
  20 orcs
  8 bats
  9 giant cockroaches
  9 goblins
  14 hobgoblins
  11 jackals
  2 quokkas
  4 frilled lizards
  2 jackal skeletons
  11 kobolds
  2 quokka zombies (D:6)
  9 rats
  A bush (D:5)
160 creatures vanquished.

Notes
Turn   | Place    | Note
-------+----------+-------------------------------------------
     0 | D:1      | nixmar the Gnoll Transmuter began the quest for the Orb.
     0 | D:1      | Reached XP level 1. HP: 17/17 MP: 6/6
   234 | D:1      | Reached XP level 2. HP: 23/23 MP: 7/7
   498 | D:1      | Reached XP level 3. HP: 27/28 MP: 9/9
   564 | D:1      | Reached skill level 5 in Spellcasting
  1236 | D:2      | Reached skill level 1 in Invocations
  1373 | D:2      | Learned a level 3 spell: Spider Form
  1457 | D:2      | Reached skill level 1 in Short Blades
  1457 | D:2      | Reached skill level 1 in Long Blades
  1457 | D:2      | Reached skill level 1 in Axes
  1457 | D:2      | Reached skill level 1 in Maces & Flails
  1457 | D:2      | Reached skill level 1 in Polearms
  1457 | D:2      | Reached skill level 1 in Staves
  1457 | D:2      | Reached skill level 1 in Slings
  1457 | D:2      | Reached skill level 1 in Bows
  1457 | D:2      | Reached skill level 1 in Crossbows
  1457 | D:2      | Reached skill level 1 in Throwing
  1457 | D:2      | Reached skill level 1 in Armour
  1457 | D:2      | Reached skill level 1 in Stealth
  1457 | D:2      | Reached skill level 1 in Shields
  1457 | D:2      | Reached skill level 1 in Evocations
  1457 | D:2      | Reached XP level 4. HP: 21/34 MP: 11/11
  1724 | D:2      | Reached skill level 1 in Conjurations
  1724 | D:2      | Reached skill level 1 in Hexes
  1724 | D:2      | Reached skill level 1 in Charms
  1724 | D:2      | Reached skill level 1 in Summonings
  1724 | D:2      | Reached skill level 1 in Necromancy
  1724 | D:2      | Reached skill level 1 in Translocations
  1724 | D:2      | Reached skill level 1 in Fire Magic
  1724 | D:2      | Reached skill level 1 in Ice Magic
  1724 | D:2      | Reached skill level 1 in Air Magic
  1724 | D:2      | Reached skill level 1 in Earth Magic
  1724 | D:2      | Reached skill level 1 in Poison Magic
  1736 | D:2      | Found an opulent altar of Gozag.
  1759 | D:2      | Became a worshipper of Gozag Ym Sagoz the Greedy
  1999 | D:2      | Reached XP level 5. HP: 39/40 MP: 12/12
  2618 | D:3      | Noticed Terence
  2631 | D:3      | Killed Terence
  2753 | D:3      | Reached XP level 6. HP: 30/47 MP: 13/13
  3309 | D:3      | Noticed Sigmund
  3321 | D:3      | Killed Sigmund
  3321 | D:3      | Reached skill level 5 in Dodging
  3559 | D:3      | Learned a level 5 spell: Blade Hands
  3864 | D:3      | Reached XP level 7. HP: 46/52 MP: 9/15
  4713 | D:4      | Reached skill level 7 in Unarmed Combat
  4961 | D:5      | Entered Level 5 of the Dungeon
  5536 | D:5      | Noticed Menkaure
  5536 | D:5      | Noticed Ijyb
  5551 | D:5      | Killed Menkaure
  5551 | D:5      | Reached XP level 8. HP: 60/60 MP: 16/16
  5563 | D:5      | Killed Ijyb
  5809 | D:5      | Noticed Pikel
  5825 | D:5      | Killed Pikel
  6224 | D:5      | Gained mutation: You expend magic power (3 MP) to
                  | strengthen your wands. [potion of mutation]
  6224 | D:5      | Gained mutation: Your spells are a little harder to cast,
                  | but a little more powerful. [potion of mutation]
  6401 | D:5      | Found a staircase to the Ecumenical Temple.
  6613 | D:5      | Bought a sack of spiders for 240 gold pieces
  6822 | D:6      | Reached XP level 9. HP: 66/66 MP: 18/18
  6841 | D:6      | Found a transporter.
  6858 | D:6      | Reached skill level 5 in Transmutations
  6941 | D:6      | Found a transporter.
  6946 | D:6      | Noticed Folque's ghost (novice DsFE)
  7226 | D:6      | Found a blossoming altar of Fedhas.
  7281 | D:6      | Mangled by an orc warrior

Skill      XL: |  1  2  3  4  5  6  7  8  9 |
---------------+----------------------------+-----
Spellcasting   | 5 6 |  6.4
Invocations    | 1 2 3 4 |  4.3
Short Blades   | 1 2 3 4 |  4.0
Long Blades    | 1 2 3 4 |  4.0
Axes           | 1 2 3 4 |  4.0
Maces & Flails | 1 2 3 4 |  4.0
Polearms       | 1 2 3 4 |  4.0
Staves         | 1 2 3 4 |  4.0
Slings         | 1 2 3 4 |  4.0
Bows           | 1 2 3 4 |  4.0
Crossbows      | 1 2 3 4 |  4.0
Throwing       | 1 2 3 4 |  4.0
Armour         | 1 2 3 4 |  4.0
Stealth        | 1 2 3 4 |  4.0
Shields        | 1 2 3 4 |  4.0
Evocations     | 1 2 3 4 |  4.0
Conjurations   | 1 2 3 |  3.2
Hexes          | 1 2 3 |  3.2
Charms         | 1 2 3 |  3.2
Summonings     | 1 2 3 |  3.2
Necromancy     | 1 2 3 |  3.2
Translocations | 1 2 3 |  3.2
Fire Magic     | 1 2 3 |  3.2
Ice Magic      | 1 2 3 |  3.2
Air Magic      | 1 2 3 |  3.2
Earth Magic    | 1 2 3 |  3.2
Poison Magic   | 1 2 3 |  3.2
Fighting       | 3 4 |  4.8
Transmutations | 4 5 |  5.1
Dodging        | 5 6 |  6.1
Unarmed Combat | 7 |  7.7

Action                   |  1- 3 |  4- 6 |  7- 9 || total
-------------------------+-------+-------+-------++-------
Melee: Unarmed           |    78 |   168 |   327 ||   573
       Punch             |     7 |     8 |     9 ||    24
       Club              |    19 |       |       ||    19
       Bite              |     3 |    17 |    49 ||    69
       Kick              |       |     8 |    51 ||    59
 Cast: Beastly Appendage |     2 |     4 |    68 ||    74
       Blade Hands       |       |     2 |       ||     2
Invok: Potion Petition   |       |     1 |       ||     1
       Call Merchant     |       |       |     1 ||     1
Evoke: Wand              |       |       |     6 ||     6
  Use: Potion            |     5 |     3 |     4 ||    12
       Scroll            |     4 |     3 |     5 ||    12
 Stab: Sleeping          |       |     5 |     5 ||    10
       Distracted        |       |     1 |     2 ||     3
       Invisible         |       |     1 |       ||     1
       Confused          |       |       |     2 ||     2
  Eat: Ration            |     1 |     2 |     3 ||     6
Armor: Robe              |     3 |       |       ||     3
       Leather armour    |    36 |    10 |       ||    46
       Ring mail         |       |    23 |    79 ||   102
Dodge: Dodged            |    75 |    77 |   132 ||   284

Vault maps used:
D:1:      dpeg_arrival_circle_labyrinth_c, kennysheep_small_spiral,
          minivault_14, amethyst_killhole
D:2:      first_ration, grunt_gozag_statues
D:3:      uniq_terence, uniq_sigmund
D:4:      cheibrodos_greedy_goblins, minmay_mini_jars
D:5:      temple_statues, lexackson_kobold_supper, uniq_menkaure, uniq_ijyb,
          uniq_pikel
D:6:      old_standard_altar, gammafunk_ghost_stat_death
